 Dungeon Crawl Stone Soup version 0.29-a0-23-ga79f92ac9c (webtiles) character file.

Game seed: 212181905654144993

862 HallandMoats the Skirmisher (level 8, -1/69 HPs)
             Began as a Ghoul Monk on Jan 30, 2022.
             Was an Elder of Qazlal.
             Slain by a gnoll sergeant (2 damage)
             ... on level 5 of the Dungeon.
             The game lasted 00:06:06 (4461 turns).

HallandMoats the Skirmisher (Ghoul Monk)            Turns: 4461, Time: 00:06:06

Health: -1/69      AC: 12    Str: 12 (15) XL:     8   Next: 2%
Magic:  0/10       EV:  3    Int:  5      God:    Qazlal [****..]
Gold:   230        SH:  5    Dex: 13      Spells: 7/7 levels left

rFire   . . .      SeeInvis .     - Unarmed
rCold   + . .      Faith    .   (no shield)
rNeg    + + +      Spirit   +   f - +0 plate armour
rPois   ∞          Reflect  .   g - +0 helmet
rElec   .          Harm     .   (no cloak)
rCorr   .          Rampage  .   (no gloves)
Will    .....                   (no boots)
Stlth   ..........              l - amulet of guardian spirit
HPRegen 0.00/turn               (no ring)
MPRegen 0.12/turn               (no ring)

@: attractive, inhibited regen, repel missiles
A: claws 1, cold resistance 1, negative energy resistance 3, inhibited
regeneration, torment resistance 2
a: Renounce Religion, Upheaval, Elemental Force


You were on level 5 of the Dungeon.
You worshipped Qazlal.
Qazlal was greatly pleased with you.
You visited 1 branch of the dungeon, and saw 5 of its levels.

You collected 230 gold pieces.

Inventory:

Armour
 f - a +0 plate armour (worn)
 g - a +0 helmet (worn)
Jewellery
 l - an amulet of guardian spirit (around neck)
 q - a ring of fire
Wands
 a - a wand of polymorph (4)
Scrolls
 b - a scroll of identify
 c - a scroll of acquirement
 d - 2 scrolls of fog
 h - a scroll of brand weapon {unknown}
 i - a scroll of summoning {unknown}
 n - a scroll of enchant armour {unknown}
Potions
 j - a potion of berserk rage
 o - a potion of lignification {unknown}
 p - a potion of curing {unknown}


   Skills:
 + Level 5.6 Fighting
 + Level 2.6 Armour
 + Level 4.0 Dodging
 - Level 2.1 Stealth
 + Level 5.5 Unarmed Combat
 * Level 4.7 Invocations


You had 7 spell levels left.
You didn't know any spells.
Your spell library was empty.

Dungeon Overview and Level Annotations

Branches:
Dungeon (5/15)             Temple (0/1) D:4

Altars:
Makhleb
Qazlal
Uskayaw
Vehumet

Shops:
D:1 *

Annotations:
D:5 Pikel


Innate Abilities, Weirdness & Mutations

You thrive by killing the living.
You are immune to poison.
You have sharp fingernails.
Your flesh is cold resistant. (rC+)
You are immune to negative energy. (rN+++)
You do not regenerate when monsters are visible.
You are immune to unholy pain and torment.


Message History

[the floor.] Are you sure you want to cancel this blink?
Blink to where?
Press: ? - help, Dir - move target, f - you Are you sure you want to cancel this blink? [Y]es or [N]o only, please.
Are you sure you want to cancel this blink? [Y]es or [N]o only, please.
Are you sure you want to cancel this blink?
Blink to where?
Press: ? - help, Dir - move target, f - gnoll sergeant
Aim: a gnoll sergeant, wielding a +3 vorpal spear, wearing a +0 scale mail and wearing a +0 buckler (blue smoke)
You can't blink onto the gnoll sergeant!
Blink to where?
Press: ? - help, Dir - move target, f - you, p - gnoll sergeant Are you sure you want to cancel this blink?
Okay, then.
As you read the scroll labelled GUSOSODAMI, it crumbles to dust.
It was a scroll of blinking.
You block the hound's attack. Pikel hits you but does no damage.
You block the hound's attack.
The gnoll sergeant hits you from afar with a +3 vorpal spear!
* * * LOW HITPOINT WARNING * * *
x2 It was a potion of attraction.
You feel attractive to monsters. The hound bites you but does no damage.
Pikel hits you with a +2 whip of freezing.
* * * LOW HITPOINT WARNING * * *
The gnoll sergeant barely misses you.
It was a potion of mutation.
You feel extremely strange.
Your body decomposes!
You feel weakened.
Your body decomposes!
You feel weakened.
Your body decomposes!
You feel weakened. The hound bites you but does no damage.
Pikel hits you but does no damage. The hound bites you but does no damage.
The gnoll sergeant hits you from afar with a +3 vorpal spear!
* * * LOW HITPOINT WARNING * * *
You die...

# .# ###.#
#g.. ####g#
######.#Kh#
#.#..55Y#@#
#..#.######
#.####.#5.#
#.#....5#†#
#..#.####(#
######.#..#
#.#.5.5Y#.#
#55#.######
####.######


You could see Pikel, a gnoll sergeant and a hound.

Vanquished Creatures
  Sigmund (D:2)
  A phantom (D:5)
  2 scorpions (D:4)
  A howler monkey (D:5)
  2 orc priests
  A hound (D:4)
  A jelly (D:3)
  2 iguanas (D:4)
  3 orc wizards
  2 hound skeletons
  Robin (D:2)
  2 gnolls (D:5)
  6 adders
  A white imp (D:5)
  2 adder skeletons (D:4)
  A worm (D:2)
  A dart slug (D:1)
  11 orcs
  8 ball pythons
  3 bats
  9 endoplasms
  5 giant cockroaches
  10 goblins
  5 hobgoblins
  6 jackals (D:1)
  6 kobolds
  5 quokkas
  7 frilled lizards
  4 rats
109 creatures vanquished.

Notes
Turn   | Place    | Note
-------+----------+-------------------------------------------
     0 | D:1      | HallandMoats the Ghoul Monk began the quest for the Orb.
     0 | D:1      | Reached XP level 1. HP: 19/19 MP: 0/0
   289 | D:1      | Reached XP level 2. HP: 24/26 MP: 1/1
   498 | D:1      | Found Gaaskeme's General Store.
   571 | D:1      | Found a faded altar of an unknown god.
   572 | D:1      | Noticed a floating eye
   604 | D:1      | Noticed a golden eye
   604 | D:1      | Noticed a floating eye
   604 | D:1      | Noticed a great orb of eyes
   609 | D:1      | Prayed at the altar of an unknown god.
   609 | D:1      | Became a worshipper of Qazlal Stormbringer
   609 | D:1      | Reached * piety under Qazlal
   609 | D:1      | Reached ** piety under Qazlal
   614 | D:1      | Reached XP level 3. HP: 16/33 MP: 2/2
  1260 | D:2      | Noticed Robin
  1268 | D:2      | Reached *** piety under Qazlal
  1315 | D:2      | Killed Robin
  1316 | D:2      | Reached skill level 1 in Invocations
  1316 | D:2      | Reached XP level 4. HP: 16/40 MP: 3/3
  1714 | D:2      | Noticed Sigmund
  1762 | D:2      | Killed Sigmund
  1763 | D:2      | Reached skill level 1 in Armour
  1763 | D:2      | Reached XP level 5. HP: 29/47 MP: 5/5
  1763 | D:2      | Reached XP level 6. HP: 33/53 MP: 6/6
  2224 | D:3      | Found a burning altar of Makhleb.
  2304 | D:3      | Found a radiant altar of Vehumet.
  2626 | D:3      | Reached skill level 5 in Fighting
  2898 | D:3      | Reached **** piety under Qazlal
  2939 | D:3      | Reached skill level 5 in Unarmed Combat
  3237 | D:4      | Noticed a +0 spear
  3273 | D:4      | Reached XP level 7. HP: 42/61 MP: 5/8
  3549 | D:4      | Found a staircase to the Ecumenical Temple.
  3809 | D:4      | Noticed a +0 falchion
  3811 | D:4      | Noticed a +0 falchion
  3812 | D:4      | Noticed a +0 short sword
  3812 | D:4      | Noticed a +0 short sword
  3812 | D:4      | Noticed a +0 dagger
  3812 | D:4      | Noticed a +0 spear
  3813 | D:4      | Noticed a +0 dagger
  3825 | D:4      | Found a hide-covered altar of Uskayaw.
  4381 | D:5      | Entered Level 5 of the Dungeon
  4395 | D:5      | Noticed Pikel
  4417 | D:5      | Reached XP level 8. HP: 31/69 MP: 4/10
  4458 | D:5      | Identified a scroll of acquirement
  4461 | D:5      | HP: 1/69 [gnoll sergeant (6)]
  4461 | D:5      | Slain by a gnoll sergeant

Illustrated notes

Levels and vault maps discovered:
D:1:      co_arrival_hexagon_in_a_hexagon, layout_basic,
          hellmonk_ecumenical_altar_watching_god, serial_shops, shop,
          minmay_misc_feat_cross, minmay_tromino_i4
D:2:      layout_basic, uniq_sigmund, uniq_robin
D:3:      minmay_inner_zag, layout_basic, mainiacjoe_overflow_brackets,
          lemuel_tele_altar, minmay_strange_pillars
D:4:      layout_loops_corners, nicolae_uskayaw_en_pointe,
          minmay_temple_entry_poolview
D:5:      minmay_angry_zag, layout_loops_ring, nicolae_ru_path_of_blood,
          led_sif_book, nicolae_shop_self_help, uniq_crazy_yiuf_cottage,
          uniq_blork_the_orc, uniq_pikel

Skill      XL: |  1  2  3  4  5  6  7 |
---------------+----------------------+-----
Dodging        | 3 4 |  4.0
Fighting       | 4 5 |  5.6
Invocations    | 1 2 3 4 |  4.7
Unarmed Combat | 4 5 |  5.5
Armour         | 1 2 |  2.6
Stealth        | |  2.1

Action                   |  1- 3 |  4- 6 |  7- 9 || total
-------------------------+-------+-------+-------++-------
Melee: Unarmed           |   112 |   181 |   113 ||   406
       Punch             |     1 |     4 |     6 ||    11
Invok: Upheaval          |       |       |     2 ||     2
  Use: Potion            |       |       |     5 ||     5
       Scroll            |       |       |     3 ||     3
 Stab: Sleeping          |     1 |       |       ||     1
Armor: Robe              |     8 |       |       ||     8
       Plate armour      |    24 |   100 |    87 ||   211
Dodge: Dodged            |    35 |    36 |    17 ||    88
Block: Other             |     9 |    18 |    28 ||    55

Table legend: (Time is in decaauts)
 A = Elapsed time spent in this place.
 B = Non-inter-level travel time spent in this place.
 C = Inter-level travel time spent in this place.
 D = Time resting spent in this place.
 E = Time spent auto-exploring this place.
 F = Levels seen in this place.
 G = Mean time per level.
                   A        B        C        D        E       F      G
               +--------+--------+--------+--------+--------+-----+--------+
         Total |   4425 |   4346 |     79 |      0 |   3516 |   5 |  885.0 |
       Dungeon |   4425 |   4346 |     79 |      0 |   3516 |   5 |  885.0 |
               +--------+--------+--------+--------+--------+-----+--------+

Top non-repeatable levels by time:
     D:4: 1183 daAuts
     D:2: 1157 daAuts
     D:1: 1040 daAuts
     D:3: 968 daAuts
     D:5: 76 daAuts
